 Dungeon Crawl Stone Soup version 0.25.1-2-g60ff931df9 (webtiles) character file.

Game seed: 18416907888636253720

56 snilloc10 the Stinger (level 3, -1/26 HPs)
             Began as a Draconian Venom Mage on Dec 1, 2020.
             Was an Initiate of Elyvilon.
             Slain by a gnoll
             ... wielding a +0 halberd
              (14 damage)
             ... on level 3 of the Dungeon.
             The game lasted 00:09:52 (1593 turns).

snilloc10 the Stinger (Draconian Venom Mage)        Turns: 1593, Time: 00:09:53

Health: -1/26      AC:  5    Str: 10    XL:     3   Next: 69%
Magic:  7/7        EV: 12    Int: 15    God:    Elyvilon [......]
Gold:   57         SH:  0    Dex: 12    Spells: 6/7 levels left

rFire    . . .     SeeInvis .   e - +2 dagger (venom)
rCold    . . .     Gourm    .   (no shield)
rNeg     . . .     Faith    .   (armour unavailable)
rPois    .         Spirit   .   (helmet restricted)
rElec    .         Reflect  .   (no cloak)
rCorr    .         Harm     .   (no gloves)
MR       .....                  (no boots)
Stlth    ++........             (no amulet)
HPRegen  0.08/turn              (no ring)
MPRegen  0.10/turn              (no ring)

@: no status effects
A: unfitting armour, cold-blooded, AC +5
a: Renounce Religion


You were on level 3 of the Dungeon.
You worshipped Elyvilon.
Elyvilon was noncommittal.
You were hungry.

You visited 1 branch of the dungeon, and saw 3 of its levels.

You collected 57 gold pieces.

Inventory:

Hand Weapons
 c - a +0 short sword
 e - a +2 dagger of venom (weapon)
Scrolls
 d - a scroll of random uselessness {unknown}
Comestibles
 b - a ration


   Skills:
 * Level 2.5 Dodging
 - Level 1.9 Stealth
 * Level 2.9 Spellcasting
 - Level 1.0 Transmutations
 + Level 3.3 Poison Magic


You had 6 spell levels left.
You knew the following spells:

 Your Spells              Type           Power        Failure   Level  Hunger
a - Sting                 Tmut/Pois      #...         9%          1    #......

Your spell library contained the following spells:

 Spells                   Type           Power        Failure   Level  Hunger
 Poisonous Vapours        Pois/Air       #.....       16%         2    ##.....
 Ignite Poison            Fire/Tmut/Pois #.......     32%         3    ###....
 Mephitic Cloud           Conj/Pois/Air  #.......     36%         3    ###....
 Olgreb's Toxic Radiance  Pois           ##......     45%         4    #####..


Dungeon Overview and Level Annotations

Branches:
Dungeon (3/15)

Altars:
Elyvilon


Innate Abilities, Weirdness & Mutations

Your plain brown scales are hard. (AC +5)
You cannot fit into any form of body armour.
You are cold-blooded and may be slowed by cold attacks.


Message History

You are feeling hungry.
You start resting.
HP restored.
There is a stone staircase leading up here.
You climb upwards.
The gnoll barely misses you.
There is a stone staircase leading down here.
You hit the gnoll.
The gnoll is lightly wounded.
The gnoll hits you but does no damage. The gnoll hits you.
The gnoll closely misses you. The gnoll hits you. The gnoll misses you.
You climb downwards.
There is a stone staircase leading up here.
You hit the gnoll.
The gnoll is poisoned.
You tail-slap the gnoll.
The gnoll is moderately wounded.
The gnoll misses you. The gnoll closely misses you.
You hit the gnoll.
The gnoll is heavily wounded.
The gnoll hits you. The gnoll hits you with a +0 halberd!
Ouch! That really hurt!
You die...

..... .....
###...$
####.....
#......# #######
#...... #.....#
#.gg)#####.###.#
#..@.......#
..^......#######
.........#
......####
...... ......
!.... .....


You could see 2 gnolls.

Vanquished Creatures
  An adder (D:2)
  A gnoll (D:2)
  A worm (D:2)
  3 leopard geckos
  8 bats
  2 giant cockroaches (D:1)
  4 hobgoblins
  A quokka (D:2)
  4 frilled lizards (D:1)
  2 goblins
  3 kobolds (D:1)
  A rat (D:2)
31 creatures vanquished.

Vanquished Creatures (others)
  A giant cockroach (D:2)
  A quokka (D:2)
2 creatures vanquished.

Grand Total: 33 creatures vanquished

Notes
Turn   | Place    | Note
-------+----------+-------------------------------------------
     0 | D:1      | snilloc10 the Draconian Venom Mage began the quest for the
                  | Orb.
     0 | D:1      | Reached XP level 1. HP: 14/14 MP: 3/3
   387 | D:1      | Reached XP level 2. HP: 17/20 MP: 5/5
  1164 | D:2      | Found a white marble altar of Elyvilon.
  1177 | D:2      | Reached XP level 3. HP: 5/26 MP: 3/6
  1186 | D:2      | Became a worshipper of Elyvilon the Healer
  1593 | D:3      | Slain by a gnoll

Illustrated notes

Levels and vault maps discovered:
D:1:      tarquinn_simple_flora_water_e, layout_basic
D:2:      layout_rooms, elyvilon_altar_4, hex_tiny, chequers_garden
D:3:      layout_basic, first_ration

Skill      XL: |  1  2 |
---------------+-------+-----
Dodging        | 2 |  2.5
Stealth        | |  1.9
Spellcasting   | |  2.9
Transmutations | |  1.0
Poison Magic   | |  3.3

Action                   || total
-------------------------++-------
Melee: Unarmed           ||    21
       Short sword       ||    68
       Tailslap          ||     6
       Dagger            ||    12
 Cast: Sting             ||    23
  Use: Scroll            ||     2
 Stab: Sleeping          ||     3
  Eat: Chunk             ||     2
Armor: Skin              ||    43
Dodge: Dodged            ||    97
